 Dungeon Crawl Stone Soup version 0.28.0 (webtiles) character file.

Game seed: 403092571177730735

2163 snetch the Thaumaturge (level 9, -3/57 HPs)
             Began as a Djinni Fire Elementalist on Feb 8, 2022.
             Slain by a two-headed ogre (18 damage)
             ... on level 6 of the Dungeon on Feb 9, 2022.
             The game lasted 00:33:01 (7256 turns).

snetch the Thaumaturge (Djinni Fire Elementalist)   Turns: 7256, Time: 00:33:01

Health: -3/57      AC:  5    Str:  7    XL:     9   Next: 57%
Gold:   345        EV:  8    Int: 21    God:
                   SH:  0    Dex: 14

rFire   + + .      SeeInvis .   a - +2 falchion (venom)
rCold   x . .      Faith    .   (no shield)
rNeg    + . .      Spirit   .   B - +1 scale mail of Kikubaaqudgha's Esteem {Harm Will+}
rPois   ∞          Reflect  .   C - +1 hat
rElec   .          Harm     +   (no cloak)
rCorr   .          Rampage  .   (no gloves)
Will    +....                   (boots unavailable)
Stlth   +.........              (no amulet)
HPRegen 0.19/turn               o - ring of positive energy
MPRegen 0.00/turn               D - ring of wizardry

@: corroded, flying
A: sickness immunity, fire resistance 2, cold vulnerability 1, float, innate
caster, HP casting, extra vitality 1
a: no special abilities


You were on level 6 of the Dungeon.
You visited 1 branch of the dungeon, and saw 7 of its levels.
You also visited: Sewer.

You collected 389 gold pieces.
You spent 44 gold pieces at shops.

Inventory:

Hand Weapons
 a - a +2 falchion of venom (weapon)
 d - a +0 short sword
 g - a +1 spear of venom
 r - a +0 war axe
Missiles
 e - 17 poisoned darts
 i - 13 sling bullets
 l - 175 stones
 n - 68 bolts
 L - 38 arrows
Armour
 m - a +0 plate armour
 q - a +0 ring mail
 B - the +1 scale mail of Kikubaaqudgha's Esteem (worn) {Harm Will+}
   (You found it on level 4 of the Dungeon)

   Harm:      It increases damage dealt and taken.
   Will:      It increases your willpower.
 C - a +1 hat (worn)
Jewellery
 o - a ring of positive energy (left hand)
 D - a ring of wizardry (right hand)
 E - a ring of positive energy
 G - a ring of protection from fire
 J - a ring of wizardry
Wands
 F - a wand of flame (7)
Scrolls
 b - a scroll of amnesia {unknown}
 f - 2 scrolls of teleportation {unknown}
 j - 3 scrolls of identify {unknown}
 v - a scroll of noise {unknown}
 w - a scroll of immolation {unknown}
 x - a scroll of enchant weapon {unknown}
 y - a scroll of torment {unknown}
 z - a scroll of enchant armour {unknown}
 N - a scroll of magic mapping {unknown}
Potions
 c - a potion of berserk rage
 h - 2 potions of attraction {unknown}
 k - 2 potions of haste {unknown}
 p - 4 potions of flight {unknown}
 s - 5 potions of curing {unknown}
 t - 2 potions of heal wounds {unknown}
 u - 2 potions of lignification {unknown}
 A - a potion of might {unknown}
 H - a potion of ambrosia {unknown}
 I - a potion of brilliance {unknown}
 K - a potion of mutation {unknown}
 M - a potion of magic {unknown}


   Skills:
 + Level 1.5 Fighting
 + Level 4.2 Armour
 + Level 4.2 Dodging
 + Level 3.1 Stealth
 + Level 8.1 Spellcasting


You had one spell level left.
You knew the following spells:

 Your Spells              Type           Power      Damage    Failure   Level
a - Foxfire               Conj/Fire      100%       2x1d9     1%          1
b - Scorch                Fire           84%        2d9       1%          2
c - Conjure Flame         Conj/Fire      42%        6-21      3%          3
d - Inner Flame           Hex/Fire       42%        N/A       3%          3
e - Flame Wave            Conj/Fire      42%        2d9       12%         4
f - Beastly Appendage     Tmut           84%        N/A       1%          1
g - Passwall              Tmut/Erth      35%        N/A       1%          2
h - Swiftness             Air            42%        N/A       3%          3
i - Summon Ice Beast      Ice/Summ       42%        N/A       12%         4
Your spell library was empty.

Dungeon Overview and Level Annotations

Branches:
Dungeon (7/15)              Sewer (visited)
 Temple: D:4-7

Altars:

Shops:
D:4 *


Innate Abilities, Weirdness & Mutations

You are immune to sickness and miasma.
You are immune to poison.
Your flesh is very heat resistant. (rF++)
You are vulnerable to cold. (rC-)
You float through the air rather than walking.
You learn spells naturally, not from books.
Your magical power is your life essence.
You have superior vitality. (+4 MHP)


Message History

The foxfire hits the hound.
The hound is severely wounded.
The foxfire hits the hound.
The hound is severely wounded.
The jelly hits you but does no damage.
You conjure some foxfire!
The hound bites you. The jelly hits you. The acid corrodes you!
You are splashed with acid!
The hound bites you but does no damage.
Unknown command.
Casting: Foxfire (safe; 1% risk of failure)
Confirm with . or Enter, or press ? or * to list all spells.
Casting: Flame Wave (dangerous; 12% risk of failure)
Press: ? - help, Dir - look around, f - activate A wave of flame ripples out!
The flame wave engulfs your foxfire.
Your foxfire completely resists.
The flame wave engulfs your foxfire.
Your foxfire completely resists.
The flame wave engulfs the hound.
You kill the hound!
The flame wave engulfs your foxfire.
Your foxfire completely resists.
The flame wave engulfs the jelly!
You kill the jelly! (Press . to intensify the flame waves.)
The foxfire hits the two-headed ogre.
The two-headed ogre is lightly wounded.
The foxfire hits the two-headed ogre!
The two-headed ogre is lightly wounded.
A wave of flame ripples out!
The flame wave engulfs your foxfire.
Your foxfire completely resists.
The flame wave engulfs the two-headed ogre.
The two-headed ogre is moderately wounded.
The flame wave engulfs the centaur zombie.
The centaur zombie is moderately damaged.
The foxfire hits the two-headed ogre.
The two-headed ogre is moderately wounded.
The two-headed ogre hits you with a +0 giant club!
* * * LOW HITPOINT WARNING * * *
The two-headed ogre hits you with a +0 giant club!
You die...

............. ......
.#......##### #. #... ##......###
#..###...#
##...>....#####...§v.#..#########
#########...#.... #.# #..........
# ###.#...###.# #....######
#.#...##..###....######
#.#..§#Z.#.............
#.#..§@O...##....###...
#.#..§§######....# .. #.....##
#....# . ##....# ###### ######


You could see a two-headed ogre and a centaur zombie.

Vanquished Creatures
  A water moccasin (Sewer)
  A nameless horror (D:5)
  An ice beast (D:5)
  A black bear (D:4)
  A necrophage (D:5)
  3 ogres
  A centaur (D:7)
  A phantom (D:4)
  3 scorpions
  A water moccasin skeleton (D:4)
  A howler monkey (D:4)
  A crimson imp (D:4)
  3 hounds
  2 gnoll shamans (D:5)
  5 orc priests
  3 bullfrog skeletons
  An iguana (D:4)
  4 jellies
  7 orc wizards
  A hound zombie (D:5)
  A hound skeleton (D:4)
  A howler monkey zombie (D:7)
  15 gnolls
  10 adders
  A white imp (D:4)
  An ufetubus (D:5)
  A worm (D:4)
  3 dart slugs
  12 orcs
  3 ball pythons
  2 bats (Sewer)
  10 endoplasms
  A giant cockroach (D:3)
  4 goblins (D:1)
  5 hobgoblins
  12 jackals
  7 quokkas
  2 frilled lizards
  6 kobolds
  5 rats
144 creatures vanquished.

Vanquished Creatures (collateral kills)
  A shadow imp (D:5)
1 creature vanquished.

Vanquished Creatures (others)
  345 foxfires
  A plant (D:1)
346 creatures vanquished.

Grand Total: 491 creatures vanquished

Notes
Turn   | Place    | Note
-------+----------+-------------------------------------------
     0 | D:1      | snetch the Djinni Fire Elementalist began the quest for the
                  | Orb.
     0 | D:1      | Reached XP level 1. HP: 15/15 MP: 0/0
    58 | D:3      | Found a glowing drain.
    71 | D:3      | Reached XP level 2. HP: 10/21 MP: 0/0
   208 | Sewer    | Entered a sewer
   304 | Sewer    | Noticed a water moccasin
   314 | Sewer    | Killed a water moccasin
   315 | Sewer    | Reached skill level 3 in Spellcasting
   315 | Sewer    | Reached XP level 3. HP: 17/25 MP: 0/0
   315 | Sewer    | Learned a level 1 spell: Beastly Appendage
   315 | Sewer    | Reached XP level 4. HP: 21/31 MP: 0/0
   315 | Sewer    | Reached XP level 5. HP: 24/35 MP: 0/0
   315 | Sewer    | Learned a level 2 spell: Passwall
   551 | D:2      | Reached skill level 4 in Spellcasting
  1312 | D:2      | Reached XP level 6. HP: 34/40 MP: 0/0
  3001 | D:3      | Reached skill level 5 in Spellcasting
  3001 | D:3      | Reached XP level 7. HP: 6/46 MP: 0/0
  3001 | D:3      | Learned a level 3 spell: Swiftness
  4243 | D:5      | Entered Level 5 of the Dungeon
  4428 | D:4      | Identified the +1 scale mail of Kikubaaqudgha's Esteem
                  | {Harm Will+}
  4471 | D:4      | Reached skill level 1 in Armour
  4494 | D:4      | Found Recen's Assorted Antiques.
  4500 | D:4      | Reached skill level 6 in Spellcasting
  4500 | D:4      | Reached XP level 8. HP: 18/51 MP: 0/0
  4744 | D:5      | Reached skill level 1 in Fighting
  5015 | D:5      | Reached skill level 7 in Spellcasting
  5439 | D:4      | Reached XP level 9. HP: 55/57 MP: 0/0
  5439 | D:4      | Learned a level 4 spell: Summon Ice Beast
  5801 | D:4      | Bought an emerald potion for 22 gold pieces
  5801 | D:4      | Bought a murky emerald potion for 22 gold pieces
  6248 | D:5      | Noticed a nameless horror
  6335 | D:5      | Killed a nameless horror
  6916 | D:7      | Reached skill level 8 in Spellcasting
  7245 | D:6      | Noticed a two-headed ogre
  7256 | D:6      | Slain by a two-headed ogre

Illustrated notes

Levels and vault maps discovered:
D:1:      dpeg_arrival_tiny_i, layout_basic, nicolae_grassy_gnolls
D:2:      layout_basic
D:3:      layout_basic, serial_corexii_hall, corexii_hall_statues_s,
          chequers_hall_statues_corner_a, portal_sewer_entry_f, hex_intersection
D:4:      minmay_inner_zag, layout_cave_pods, serial_shops, shop,
          minmay_misc_feat_secret_circle, minmay_fire_ice_demons
D:5:      layout_cave_pools
D:6:      layout_rooms, lemuel_coloured_pillars_altar,
          mainiacjoe_overflow_small_starburst, ebering_ghost_gozag
D:7:      layout_basic, nicolae_tso_swordbearing_angel,
          lemuel_zombie_altar_kikubaaqudgha, mainiacjoe_overflow_24_doors,
          temple_hall, kb_rosetta, uniq_duvessa

Skill      XL: |  1  2  3  4  5  6  7  8  9 |
---------------+----------------------------+-----
Stealth        | 2 3 |  3.1
Spellcasting   | 3 4 5 6 7 8 |  8.1
Dodging        | 3 4 |  4.2
Armour         | 1 3 4 |  4.2
Fighting       | 1 |  1.5

Action                   |  1- 3 |  4- 6 |  7- 9 || total
-------------------------+-------+-------+-------++-------
Melee: Short sword       |       |     2 |       ||     2
       Falchion          |       |       |    32 ||    32
       Headbutt          |       |       |     1 ||     1
 Cast: Foxfire           |    15 |    67 |   122 ||   204
       Scorch            |     3 |    24 |    39 ||    66
       Passwall          |       |     4 |       ||     4
       Flame Wave        |       |       |     7 ||     7
       Beastly Appendage |       |       |     1 ||     1
       Summon Ice Beast  |       |       |     2 ||     2
       Swiftness         |       |       |     1 ||     1
 Stab: Sleeping          |       |       |     1 ||     1
       Distracted        |       |       |     1 ||     1
Armor: Robe              |     1 |    11 |       ||    12
       Ring mail         |       |       |     2 ||     2
       Scale mail        |       |       |    48 ||    48
Dodge: Dodged            |     2 |    32 |    42 ||    76
